Map: Acid Plant LE

Players

DnS

  • Race: Protoss Protoss
  • Spawn Location: 5:00

Raze - Winner!

  • Race: Protoss Protoss
  • League: Master
  • Spawn Location: 11:00

Event: WCS Montreal 2018

VOD

Have the link to the VOD?

Description

Time

  • Played on: Sept. 7, 2018, 3:21 p.m.
  • Length: 9:34

All games in this series

Show
View Real Time Build Order
Export as new Build Order

DnS Protoss 

Build Orders: Phoenix Opening, Zealot Archon 

Get SALT Encoding   

  12  0:00  Probe  
  13  0:12  Probe  
  14  0:17  Pylon  
  14  0:24  Probe  
  15  0:32  Probe  
  15  0:38  Gateway  
  15  0:40  Probe  
  16  0:46  Assimilator  
  17  0:50  Probe  
  17  0:55  Assimilator  
  18  0:59  Probe  
  19  1:07  Gateway, Probe  
  20  1:18  Probe  
  20  1:25  Cybernetics Core  
  21  1:30  Probe  
  22  1:34  Pylon  
  22  1:42  Probe  
  23  1:54  Probe  
  24  2:01  Warp Gate  
  24  2:02  Stalker, Sentry  
  28  2:11  Pylon  
  28  2:30  Stargate  
  28  2:36  Stalker  
  30  2:46  Nexus  
  30  2:54  Stalker  
  32  3:01  Shield Battery  
  32  3:05  Phoenix, Probe  
  35  3:20  Pylon  
  35  3:23  Phoenix  
  35  3:24  Probe  
  38  3:38  Probe  
  39  3:46  Phoenix  
  41  3:56  Probe  
  42  4:11  Phoenix  
  42  4:13  Stalker  
  42  4:15  Shield Battery  
  46  4:18  Stalker  
  46  4:24  Shield Battery  
  48  4:27  Probe  
  48  4:28  Probe  
  50  4:35  Phoenix  
  52  4:46  Stalker  
  52  4:48  Zealot  
  56  4:53  Shield Battery  
  56  5:10  Stalker x2, Pylon  
  60  5:24  Probe x2  
  62  5:33  Robotics Facility  
  62  5:36  Probe x2  
  64  5:43  Pylon  
  64  5:44  Pylon  
  64  5:48  Probe x2  
  66  5:53  Forge  
  64  6:04  Probe x2  
  64  6:07  Gateway  
  64  6:08  Gateway  
  64  6:10  Protoss Ground Weapons Level 1  
  64  6:11  Pylon  
  66  6:13  Immortal, Assimilator  
  66  6:14  Assimilator  
  66  6:16  Probe  
  71  6:30  Probe x2  
  73  6:39  Twilight Council  
  73  6:42  Probe  
  73  6:43  Probe  
  73  6:45  Observer  
  76  6:54  Probe  
  76  6:55  Probe  
  76  7:00  Gateway  
  76  7:01  Gateway  
  78  7:04  Immortal  
  82  7:15  Templar Archives  
  78  7:30  Nexus  
  78  7:32  Pylon  
  78  7:37  Zealot x2  
  82  7:47  Immortal  
  86  7:52  High Templar  
  86  7:53  High Templar  
  86  7:57  Archon  
  90  8:04  Gateway x2  
  90  8:15  Zealot x2  
  94  8:20  Pylon  
  94  8:24  Zealot  
  94  8:25  Zealot  
  98  8:27  Zealot  
  100  8:35  High Templar  
  100  8:39  Pylon  
  102  8:50  Zealot x2  
  102  8:51  Zealot  
  98  8:55  Pylon  
  78  9:14  Zealot x4  
  72  9:25  Pylon  
  72  9:30  Zealot x2  
Show
View Real Time Build Order
Export as new Build Order

Raze Protoss - Winner!

Build Orders: Zealot Archon 

Get SALT Encoding   

  12  0:00  Probe  
  13  0:13  Probe  
  14  0:17  Pylon  
  14  0:23  Probe  
  15  0:31  Probe  
  16  0:37  Gateway  
  16  0:39  Probe  
  16  0:45  Assimilator  
  17  0:50  Probe  
  17  0:54  Assimilator  
  18  0:59  Probe  
  19  1:07  Gateway, Probe  
  20  1:17  Probe  
  20  1:24  Cybernetics Core  
  21  1:29  Probe  
  22  1:34  Pylon  
  22  1:41  Probe  
  23  1:52  Warp Gate  
  23  1:54  Probe  
  24  2:00  Stalker, Sentry  
  28  2:11  Pylon  
  28  2:22  Robotics Facility  
  28  2:29  Pylon  
  28  2:32  Stalker  
  30  2:38  Stalker  
  32  2:59  Nexus  
  32  3:06  Immortal  
  32  3:19  Sentry  
  38  3:25  Pylon  
  38  3:38  Shield Battery  
  38  3:45  Warp Prism  
  40  3:58  Stalker x2  
  44  4:03  Probe  
  45  4:12  Probe  
  45  4:15  Probe  
  47  4:21  Stalker x2  
  51  4:26  Probe  
  51  4:27  Probe  
  53  4:45  Stalker x2  
  57  4:49  Pylon, Probe  
  57  4:51  Probe  
  59  4:58  Probe  
  59  5:00  Probe  
  59  5:07  Probe  
  61  5:08  Probe  
  61  5:11  Twilight Council  
  63  5:15  Probe  
  63  5:17  Probe  
  65  5:25  Pylon  
  65  5:33  Immortal  
  65  5:39  Probe  
  65  5:40  Probe  
  67  5:45  Pylon  
  71  5:54  Gateway x2  
  71  5:56  Charge  
  71  6:00  Forge  
  71  6:01  Probe  
  67  6:05  Probe  
  67  6:10  Templar Archives  
  68  6:13  Immortal, Protoss Ground Weapons Level 1, Probe  
  74  6:18  Probe  
  74  6:21  Assimilator  
  74  6:23  Assimilator  
  74  6:25  Probe  
  74  6:30  Probe  
  74  6:34  Pylon  
  74  6:47  Gateway x2  
  74  6:53  Nexus  
  74  6:56  Pylon  
  74  7:02  High Templar x2  
  78  7:09  Gateway  
  78  7:11  Gateway  
  78  7:18  Warp Prism  
  78  7:19  Probe  
  78  7:20  Probe  
  82  7:24  Archon  
  81  7:33  High Templar x2  
  81  7:35  Zealot  
  87  7:42  Archon  
  87  7:43  Zealot  
  89  7:48  Probe x2  
  90  7:52  Zealot x2  
  92  8:02  High Templar  
  92  8:04  High Templar  
  95  8:08  Archon  
  95  8:12  Zealot x5  
  105  8:15  Probe x3  
  108  8:28  Pylon  
  108  8:41  Zealot x4  
  112  8:48  Zealot x3  
  112  8:49  Zealot  
  116  8:59  Probe x3  
  99  9:23  High Templar x3  
  99  9:24  High Templar, Zealot x4  
Tags
 
Add a new tag
Caveats
  • Supply blocks, unpowered buildings, or Contaminate may cause inaccurate times.
  • Supply counts are checked every 10 seconds.